 Dungeon Crawl Stone Soup version 0.29.0-15-g675c0067aa (webtiles) character file.

Game seed: 4720118724623043839

16 qw the Sneak (level 2, 0/19 HPs)
             Began as a Gargoyle Delver on Sept 11, 2022.
             Slain by a centaur (4 damage)
             ... on level 7 of the Dungeon.
             The game lasted 00:00:12 (723 turns).

qw the Sneak (Gargoyle Delver)                       Turns: 723, Time: 00:00:13

Health: 0/19       AC:  5    Str: 15    XL:     2   Next: 54%
Magic:  2/2        EV: 11    Int: 10    God:
Gold:   47         SH:  0    Dex: 11    Spells: 1/1 levels left

rFire   . . .      SeeInvis .   a - +0 hand axe
rCold   . . .      Faith    .   (no shield)
rNeg    + . .      Spirit   .   b - +0 leather armour
rPois   inf        Reflect  .   (no helmet)
rElec   +          Harm     .   (no cloak)
rCorr   .          Rampage  .   (no gloves)
Will    .....                   (no boots)
Stlth   +++.......              (no amulet)
HPRegen 0.06/turn               (no ring)
MPRegen 0.08/turn               (no ring)

@: no status effects
A: sickness immunity, AC +2, negative energy resistance 1, electricity
resistance, torment resistance 1, petrification resistance
a: no special abilities


You were on level 7 of the Dungeon.
You visited 1 branch of the dungeon, and saw 3 of its levels.

You collected 47 gold pieces.


Innate Abilities, Weirdness & Mutations

You are immune to sickness and miasma.
Your stone body is resilient. (AC +2)
You are immune to poison.
You resist negative energy. (rN+)
You are resistant to electric shocks. (rElec)
You are resistant to unholy torment.
You are immune to petrification.


   Skills:
 - Level 3.2 Fighting
 + Level 2.8 Axes
 - Level 1.5 Dodging
 - Level 5.4 Stealth


You had one spell level left.
You didn't know any spells.
Your spell library was empty.

Inventory:

Hand Weapons
 a - a +0 hand axe (weapon)
Armour
 b - a +0 leather armour (worn)
Wands
 g - a wand of digging (3)
Scrolls
 e - a scroll of identify {unknown}
 i - a scroll of teleportation {unknown}
Potions
 c - a potion of lignification {unknown}
 d - a potion of heal wounds {unknown}
 f - a potion of haste
 h - a potion of degeneration {unknown}

Dungeon Overview and Level Annotations

Branches:
Dungeon (7/15)
 Temple: D:4-7

Altars:


Message History

You fall into a shaft and drop 3 floors!
The shaft crumbles and collapses.
Found a halberd, 11 stones and a leather armour.
Found a stone staircase leading down.
Existing waypoints: (1) D:4 (2) D:5 Assign waypoint to what number? (0-9, D - delete waypoint) Waypoint 2 re-assigned from D:5 to D:7.
Enter note: You now have 47 gold pieces (gained 5).
i - a scroll labelled IFU VUAQEUCS
Enter note: A centaur comes into view.
Enter note: The centaur wields a +0 shortbow.
The centaur shoots an arrow.
The arrow hits you!
Ouch! That really hurt!
The centaur shoots an arrow.
The arrow hits you.
The centaur shoots an arrow.
The arrow hits you.
The centaur shoots an arrow.
The arrow hits you but does no damage.
The centaur unwields a +0 shortbow.
The centaur barely misses you.
The centaur kicks you but does no damage.
You closely miss the centaur. The centaur completely misses you.
The centaur closely misses you. x2
The centaur kicks you but does no damage.
You completely miss the centaur.
The centaur hits you but does no damage.
The centaur kicks you but does no damage.
The centaur closely misses you.
The centaur kicks you but does no damage.
You barely miss the centaur.
The centaur hits you but does no damage.
The centaur barely misses you.
You hit the centaur but do no damage.
The centaur hits you but does no damage.
The centaur barely misses you. The centaur completely misses you.
The centaur kicks you but does no damage.
You barely miss the centaur. The centaur hits you.
You die...

#...................
###...(.............
#..#.#..........#.
####.#..###.....##
##### #.##..##..#.##
......####.##.......##
........##.#........#
.....#..#...#......##
~~~~...@...##.......#
...~..c....##......##
.#.~...##...#.......#
#.~..# ##..........#
#.~.. #.........##
#.~.. ....####### #.~.
.....# ..~. .....#


You could see a centaur.

Vanquished Creatures
  A worm (D:4)
  2 ball pythons (D:4)
  An endoplasm (D:4)
  A giant cockroach (D:4)
  A goblin (D:4)
  3 jackals (D:4)
  A quokka (D:4)
  A kobold (D:4)
11 creatures vanquished.

Vanquished Creatures (others)
  2 plants (D:7)
2 creatures vanquished.

Grand Total: 13 creatures vanquished

Notes
Turn   | Place    | Note
-------+----------+-------------------------------------------
     0 | D:5      | qw the Gargoyle Delver began the quest for the Orb.
     0 | D:5      | Reached XP level 1. HP: 14/14 MP: 1/1
     0 | D:5      | 0 ||| qw: Version: 0.1-a-118-gb4e7ce6
     0 | D:5      | 0 ||| qw: Game counter: 10532
     0 | D:5      | 0 ||| qw: Always use a shield: true
     0 | D:5      | 0 ||| qw: God list: Okawaru
     0 | D:5      | 0 ||| qw: Allow faded altars: false
     0 | D:5      | 0 ||| qw: Do Orc after D:15 true
     0 | D:5      | 0 ||| qw: Do second Lair branch before Depths: true
     0 | D:5      | 0 ||| qw: Lair rune preference: random
     0 | D:5      | 0 ||| qw: Plans: Normal
     0 | D:5      | 0 ||| PLANNING D:1-11
     2 | D:5      | 2 ||| DROPPING scroll of fog.
     3 | D:5      | 3 ||| DROPPING scroll of magic mapping.
     4 | D:5      | 4 ||| DROPPING scroll of fear.
    10 | D:4      | 10 ||| PLANNING SEWER
   178 | D:4      | Noticed an iguana
   182 | D:4      | 182 ||| Stepping ~*~*~tactically~*~*~ (stealth).
   192 | D:4      | 192 ||| Stepping ~*~*~tactically~*~*~ (stealth).
   216 | D:4      | HP: 2/14 [worm (8)]
   219 | D:4      | Reached XP level 2. HP: 3/19 MP: 2/2
   234 | D:4      | 234 ||| Stepping ~*~*~tactically~*~*~ (stealth).
   237 | D:4      | 237 ||| Stepping ~*~*~tactically~*~*~ (stealth).
   685 | D:4      | You fall into a shaft and drop 3 floors!
   714 | D:7      | Noticed a centaur
   717 | D:7      | HP: 4/19 [centaur/arrow (2)]
   723 | D:7      | Slain by a centaur

Levels and vault maps discovered:
D:4:      layout_basic, gup_sewer_entry_pipe, minmay_tree_intersection,
          uniq_edmund
D:5:      lemuel_ratsnest, layout_loops_ring, nicolae_uskayaw_suspiria,
          mainiacjoe_overflow_alcove_1, nzn_hepliaklqana_mist_gate,
          guppyfry_early_lair_pool
D:7:      layout_cave_pools, mainiacjoe_overflow_brackets, chequers_big_river

Skill      XL: |  1 |
---------------+----+-----
Axes           | 2 |  2.8
Fighting       | |  3.2
Dodging        | |  1.5
Stealth        | |  5.4

Action                   || total
-------------------------++-------
Melee: Hand axe          ||    39
Armor: Leather armour    ||    17
Dodge: Dodged            ||    36

Table legend:
 A = Non-vault XP
 B = Vault XP
 C = Vault XP percentage of total XP
 D = Non-vault monster count
 E = Vault monster count
 F = Vault count percentage of total count
                 A         B        C        D         E       F
            +---------+---------+-------+---------+---------+-------
      Total |      23 |       0 |   0.0 |      11 |       0 |   0.0
            +---------+---------+-------+---------+---------+-------
        D:4 |      23 |       0 |   0.0 |      11 |       0 |   0.0
            +---------+---------+-------+---------+---------+-------
